 Dungeon Crawl Stone Soup version 0.18-a0-750-g37044d6 (webtiles) character file.

140 tof the Skirmisher (level 5, -1/47 HPs)
             Began as a Hill Orc Abyssal Knight on Dec 12, 2015.
             Was a Believer of Lugonu.
             Slain by JokEr's ghost (7 damage)
             ... on level 3 of the Dungeon.
             The game lasted 00:10:19 (2412 turns).

tof the Skirmisher (Hill Orc Abyssal Knight)        Turns: 2412, Time: 00:10:20

Health: -1/47      AC: 10    Str: 15      XL:     5   Next: 22%
Magic:  7/7        EV:  4    Int: 12      God:    Lugonu [**....]
Gold:   70         SH:  7    Dex:  9 (11) Spells: 0 memorised, 4 levels left

rFire  . . .     SeeInvis +     a - +1 falchion
rCold  . . .     Clarity  .     f - +0 chain mail
rNeg   . . .     SustAt   .     e - +0 shield
rPois  .         Gourm    .     (no helmet)
rElec  .         Spirit   .     (no cloak)
rCorr  .         Dismiss  .     (no gloves)
rMut   .         Stasis   .     d - +0 pair of boots
MR     .....                    (no amulet)
Stlth  ..........               (no ring)
                                g - ring of see invisible

@: not resistant to hostile enchantments, extremely unstealthy
A: no striking features
a: Depart the Abyss, Bend Space, Renounce Religion


You were on level 3 of the Dungeon.
You worshipped Lugonu.
Lugonu was pleased with you.
You were not hungry.

You visited 1 branch of the dungeon, and saw 3 of its levels.
You visited the Abyss 1 time.

You collected 70 gold pieces.

Inventory:

Hand Weapons
 a - a +1 falchion (weapon)
Armour
 d - a +0 pair of boots (worn)
 e - a +0 shield (worn)
 f - a +0 chain mail (worn)
Jewellery
 g - a ring of see invisible (left hand)
Scrolls
 b - a scroll of random uselessness {unknown}
 h - a scroll of teleportation
Comestibles
 c - a bread ration
 i - 5 chunks of flesh
 j - a meat ration


   Skills:
 + Level 4.8 Fighting
 + Level 2.6 Long Blades
 + Level 3.0 Armour
 + Level 2.0 Dodging
 + Level 0.3 Stealth
 + Level 1.3 Shields
 + Level 2.8 Invocations


You had 4 spell levels left.
You didn't know any spells.

Dungeon Overview and Level Annotations

Branches:
Dungeon (3/15)

Altars:

Annotations:
D:3 JokEr's ghost, weakling HEFi


Message History

JokEr's ghost is almost destroyed.
You block JokEr's ghost's attack.
You hit JokEr's ghost but do no damage.
JokEr's ghost is almost destroyed.
JokEr's ghost hits you. x2
You hit JokEr's ghost but do no damage.
JokEr's ghost is almost destroyed.
JokEr's ghost hits you but does no damage.
You hit JokEr's ghost but do no damage.
JokEr's ghost is almost destroyed.
JokEr's ghost hits you but does no damage.
You hit JokEr's ghost but do no damage.
JokEr's ghost is almost destroyed.
JokEr's ghost hits you!
* * * LOW HITPOINT WARNING * * *
Unknown command.
You hit JokEr's ghost but do no damage.
JokEr's ghost is almost destroyed.
JokEr's ghost hits you!
You die...

#####รท#.###### ##
#....###.....# #.
#.###.#.####.# #.
# #.# ##.## #.# #.
#.##.##
#.#####.####.
#.....#
#..........#.
####..#
#######.##.#. #).#
#)##.#. #@.#
#.##.#. #W.#
####.##.#. #=.#
#.......#. #...
.............
...######.########
.... ... ##$# ###
.#


You could see JokEr's ghost.

Vanquished Creatures
  An orc wizard (D:3)
  4 adders
  An ooze (D:1)
  2 worms (D:2)
  3 giant geckos
  3 orcs (D:3)
  A ball python (D:2)
  A giant cockroach (D:2)
  6 hobgoblins
  10 kobolds
  A quokka (D:2)
  6 bats
  A giant newt (D:1)
  11 goblins
  8 rats
59 creatures vanquished.

Notes
Turn   | Place    | Note
--------------------------------------------------------------
     0 | Abyss:1  | tof the Hill Orc Abyssal Knight began the quest for the Orb.
     0 | Abyss:1  | Reached XP level 1. HP: 19/19 MP: 2/2
     0 | D:1      | Escaped the Abyss
    28 | D:1      | Reached skill level 4 in Fighting
    28 | D:1      | Reached XP level 2. HP: 24/27 MP: 3/3
    54 | D:1      | Reached * piety under Lugonu
   387 | D:1      | Reached skill level 1 in Dodging
   392 | D:1      | Reached XP level 3. HP: 31/34 MP: 4/4
  1353 | D:2      | Reached XP level 4. HP: 39/41 MP: 6/6
  1430 | D:2      | Reached ** piety under Lugonu
  1875 | D:3      | Reached skill level 1 in Shields
  2161 | D:3      | Reached XP level 5. HP: 44/47 MP: 7/7
  2392 | D:3      | Noticed JokEr's ghost (weakling HEFi)
  2412 | D:3      | Slain by JokEr's ghost

Vault maps used:
D:1:      dpeg_arrival_court
D:3:      kennysheep_the_goblin_king, st_stairs_6, uniq_purgy

Action                   |  1- 3 |  4- 6 || total
-------------------------+-------+-------++-------
Melee: Falchion          |   140 |   145 ||   285
Invok: Depart the Abyss  |     1 |       ||     1
  Use: Potion            |     3 |     1 ||     4
       Scroll            |     3 |     2 ||     5
  Eat: Chunk             |     2 |     4 ||     6
